 Dungeon Crawl Stone Soup version 0.18.1-48-g4cf74bf (webtiles) character file.

146405 nikopol the Phalangite (level 16, -5/149 HPs)
             Began as a Minotaur Berserker on July 13, 2016.
             Was the Champion of Trog.
             Slain by the 27-headed Lernaean hydra (12 damage)
             ... on level 4 of the Swamp on July 16, 2016.
             The game lasted 02:32:27 (29847 turns).

nikopol the Phalangite (Minotaur Berserker)        Turns: 29847, Time: 02:32:28

Health: -5/149     AC: 24    Str: 25    XL:     16   Next: 89%
Magic:  5/5        EV: 20    Int:  4    God:    Trog [******]
Gold:   2952       SH:  0    Dex: 16    Spells: 0 memorised, 15 levels left

rFire  . . .     SeeInvis +     x - +5 glaive (antimagic)
rCold  . . .     Gourm    .     u - +4 scale mail {rPois}
rNeg   + . .     Faith    .     (shield currently unavailable)
rPois  +         Spirit   .     h - +2 hat {SInv}
rElec  .         Dismiss  .     a - +2 cloak {MR+}
rCorr  +         Reflect  .     r - +2 pair of gloves
SustAt .         Harm     .     k - +0 pair of boots
MR     ++...                    l - amulet of Vymunib {rN+ Regen+}
Stlth  ..........               E - ring of resist corrosion
                                b - +2 ring of strength

@: about to teleport, studying Polearms, very resistant to hostile enchantments,
extremely unstealthy
A: retaliatory headbutt, horns 2, sturdy frame 1
a: Berserk, Trog's Hand, Brothers in Arms, Burn Spellbooks, Renounce Religion


You were on level 4 of the Swamp.
You worshipped Trog.
Trog was exalted by your worship.
You were not hungry.

You visited 4 branches of the dungeon, and saw 29 of its levels.
You also visited: Labyrinth and Ice Cave.

You collected 3424 gold pieces.
You spent 472 gold pieces at shops.

Inventory:

Hand Weapons
 c - a +5 longbow of flaming
 x - a +5 antimagic glaive (weapon)
Missiles
 y - 420 arrows (quivered)
Armour
 a - a +2 cloak of magic resistance (worn)
 f - the +1 hat of the Quahog {Regen+ MP+9}
   (You acquired it on level 12 of the Dungeon)

   It affects your magic capacity (+9).
   It increases your rate of regeneration.
 h - a +2 hat of see invisible (worn)
 k - a +0 pair of boots (worn)
 r - a +2 pair of gloves (worn)
 u - a +4 scale mail of poison resistance (worn)
Jewellery
 b - a +2 ring of strength (left hand)
 l - the amulet of Vymunib (around neck) {rN+ Regen+}
   (You found it on level 12 of the Dungeon)

   [amulet of regeneration]

   It protects you from negative energy.
   It increases your rate of regeneration.
 E - a ring of resist corrosion (right hand)
 P - an uncursed ring of poison resistance
 Q - an uncursed ring of flight
Wands
 w - a wand of digging (19/24)
 R - a wand of disintegration (20/24)
Scrolls
 d - 4 scrolls of enchant weapon
 e - 4 scrolls of remove curse
 g - 3 scrolls of identify
 i - 7 scrolls of magic mapping
 j - 5 scrolls of recharging
 m - 7 scrolls of teleportation
 n - a scroll of blinking
 p - 3 scrolls of enchant armour
 q - a scroll of holy word
 z - a scroll of brand weapon
 H - 2 scrolls of fog
 I - 4 scrolls of fear
 N - a scroll of summoning
Potions
 o - 5 potions of brilliance
 A - 5 potions of haste
 B - 2 potions of cure mutation
 D - 2 potions of heal wounds
 F - 10 potions of curing
 J - 4 potions of ambrosia
 M - a potion of magic
 Y - 7 potions of agility
 Z - 2 potions of invisibility
Books
 L - a manual of Polearms
Miscellaneous
 G - a lamp of fire
 O - a legendary deck of changes {the Helix, drawn: 1}
 S - a sack of spiders
 T - an ornate deck of changes {Wild Magic}
Comestibles
 s - 35 fruits
 v - 5 beef jerkies
 C - 16 meat rations
 X - 10 bread rations


   Skills:
 + Level 15.0 Fighting
 * Level 21.1 Polearms
 * Level 15.5 Bows
 + Level 14.6 Armour
 + Level 14.0 Dodging


You had 15 spell levels left.
You didn't know any spells.

Dungeon Overview and Level Annotations

Branches:
Dungeon (15/15)            Temple (0/1) D:4            Lair (8/8) D:9
  Swamp (4/4) Lair:6        Snake (0/4) Lair:4        Slime (0/6) Lair:7
    Orc (2/2) D:9             Elf (0/3) Orc:2        Vaults (0/5) D:14
 Depths (0/5) D:15

Altars:
Ashenzari
Cheibriados
Makhleb
Okawaru
Qazlal
Trog
Zin
Beogh
Jiyva

Shops:
D:11 *   Orc:1 %   Orc:2 *[:(

Annotations:
Swamp:4 Lernaean hydra


Innate Abilities, Weirdness & Mutations

You reflexively headbutt those who attack you in melee.
You have a pair of horns on your head.
Your movements are slightly less encumbered by armour (ER -2).


Message History

The 27-headed Lernaean hydra bites you!
* * * LOW HITPOINT WARNING * * *
The 27-headed Lernaean hydra bites you but does no damage.
The 27-headed Lernaean hydra misses you.
The 27-headed Lernaean hydra bites you but does no damage.
The 27-headed Lernaean hydra closely misses you. x2
The 27-headed Lernaean hydra bites you but does no damage.
The 27-headed Lernaean hydra closely misses you.
The 27-headed Lernaean hydra bites you!
* * * LOW HITPOINT WARNING * * *
The 27-headed Lernaean hydra bites you but does no damage.
The 27-headed Lernaean hydra misses you. x2
The 27-headed Lernaean hydra bites you.
* * * LOW HITPOINT WARNING * * *
The 27-headed Lernaean hydra bites you but does no damage. x3
The 27-headed Lernaean hydra bites you!
* * * LOW HITPOINT WARNING * * *
The 27-headed Lernaean hydra bites you but does no damage.
The 27-headed Lernaean hydra bites you!
You die...

≈.. ≈§. ♣♣♣♣≈
.≈≈≈ ♣♣≈.♣. ≈..)≈
♣♣.≈.≈. ♣♣♣♣$≈≈..
♣.≈≈.≈≈♣♣...≈≈≈≈§
.....≈≈≈§.≈≈≈≈≈≈≈
≈≈.≈≈§≈§§@≈≈≈≈≈≈≈
≈≈..≈.≈DDD≈≈≈≈≈≈≈
≈...♣†k§DT.≈≈...
.♣.§≈D≈$≈≈≈≈.≈≈≈
..≈≈≈kw≈≈♣♣♣.≈♣♣♣
≈♣.(D≈k≈.♣ ♣♣♣
♣(((≈≈.♣♣
≈.≈(.≈≈.♣
.##≈≈.♣♣♣


You could see the 27-headed Lernaean hydra, a six-headed hydra, a four-headed
hydra, 3 swamp dragons, a swamp worm (confused), 3 swamp drakes and a friendly
troll (berserk).

Vanquished Creatures
  Kirke (Lair:8)
  3 thorn hunters
  An orc warlord (Orc:2)
  Maud (Lair:5)
  Azrael (D:15)
  4 dire elephants (Lair:8)
  The ghost of TuxedoFelix the Protected, a journeyman MiBe of Trog (Swamp:1)
  The ghost of PeterLawrence the Bludgeoner, a journeyman MiFi of Okawaru (Lair:5)
  Snorg (Orc:1)
  A minotaur (Lab)
  15 hydras
  A yaktaur captain (D:15)
  An ice dragon (D:13)
  An ogre mage (D:15)
  3 ghost crabs (Swamp:3)
  4 centaur warriors
  7 death yaks
  A catoblepas (D:12)
  11 alligators
  An anaconda (Lair:8)
  A queen ant (Lair:7)
  4 orc high priests
  Urug (Lair:4)
  Nergalle (Lair:3)
  The ghost of NekoKawashu the Protected, a novice MiFi of Pakellas (D:7)
  4 skeletal warriors (D:15)
  A spriggan druid (Swamp:3)
  4 unseen horrors
  A lindwurm (Lair:5)
  6 hill giants
  A swamp dragon (Swamp:1)
  3 shambling mangroves
  An orange crystal statue (D:12)
  4 orc sorcerers
  4 orc knights
  Pikel (D:4)
  13 ugly things
  A harpy (shapeshifter) (D:13)
  An oklob plant (D:10)
  4 manticores
  2 cyclopes
  15 elephants
  5 black mambas
  2 ice statues (IceCv)
  2 gargoyles
  18 spiny frogs
  3 efreet
  Psyche (D:12)
  10 komodo dragons
  A yaktaur (D:15)
  2 kobold demonologists (D:14)
  2 rime drakes
  2 freezing wraiths
  5 trolls
  A merfolk (D:10)
  2 giant leeches (Swamp:3)
  13 slime creatures
  18 blink frogs
  A blink frog (shapeshifter) (D:14)
  Grinder (D:4)
  4 two-headed ogres
  6 bog bodies
  A boulder beetle (Lair:6)
  3 spriggans
  A yak (shapeshifter) (D:14)
  5 shadows
  3 wraiths
  5 basilisks
  40 yaks
  2 wyverns
  15 fire elementals (D:15)
  5 hogs (Lair:8)
  11 hippogriffs
  23 vampire mosquitoes
  A steam dragon (D:11)
  A mottled dragon (D:14)
  3 hungry ghosts
  2 wargs
  8 insubstantial wisps
  6 soldier ants
  8 swamp worms
  13 porcupines
  13 water moccasins
  7 sky beasts
  11 swamp drakes
  7 phantoms
  33 orc warriors
  3 slaves (D:4)
  8 ice beasts
  16 ogres
  6 wasps
  A black bear (D:10)
  3 necrophages
  13 centaurs
  An eye of draining (D:15)
  15 wolves
  11 crocodiles
  3 big kobolds
  16 giant frogs
  A wyvern zombie (D:13)
  3 scorpions
  A water moccasin skeleton (D:9)
  11 wights
  26 killer bees
  7 electric eels
  A howler monkey (D:14)
  11 crimson imps
  A giant frog zombie (D:8)
  6 centaur zombies
  5 hounds
  19 orc priests
  5 jellies
  30 orc wizards
  7 centaur skeletons
  5 giant frog skeletons
  Natasha (D:4)
  13 iguanas
  4 hell rats (Lair:4)
  19 worker ants
  A killer bee zombie (D:9)
  A sheep (shapeshifter) (D:14)
  An ogre skeleton (Lab)
  2 hound skeletons
  A howler monkey skeleton (D:5)
  7 gnolls
  14 adders
  71 river rats
  5 shadow imps
  3 oozes
  An adder skeleton (D:10)
  3 worms
  4 dart slugs
  2 giant geckos
  90 orcs
  A ball python (D:6)
  9 bats
  4 giant cockroaches
  11 goblins
  9 hobgoblins
  17 kobolds
  9 quokkas
  2 giant gecko skeletons
  2 giant newts (D:4)
  A jackal skeleton (D:4)
  5 rats
  6 bushes (D:14)
  7 plants
1021 creatures vanquished.

Vanquished Creatures (collateral kills)
  Fannar (Lair:1)
  An ogre mage (D:12)
  A deep elf mage (D:12)
  A freezing wraith (D:12)
4 creatures vanquished.

Vanquished Creatures (others)
  A bush (D:14)
  8 fungi
  8 plants
17 creatures vanquished.

Grand Total: 1042 creatures vanquished

Notes
Turn   | Place    | Note
--------------------------------------------------------------
     0 | D:1      | nikopol the Minotaur Berserker began the quest for the Orb.
     0 | D:1      | Reached XP level 1. HP: 19/19 MP: 0/0
   172 | D:1      | Reached XP level 2. HP: 20/27 MP: 1/1
   827 | D:2      | Reached XP level 3. HP: 33/33 MP: 2/2
   866 | D:2      | Reached skill level 4 in Polearms
  1143 | D:2      | Reached ** piety under Trog
  1218 | D:2      | Reached XP level 4. HP: 38/40 MP: 3/3
  1314 | D:3      | Found a faded altar to an unknown god.
  2067 | D:4      | Noticed an ogre
  2071 | D:3      | Reached XP level 5. HP: 39/47 MP: 4/4
  2092 | D:4      | Killed an ogre
  2092 | D:4      | Reached skill level 5 in Fighting
  2092 | D:4      | Reached skill level 5 in Polearms
  2092 | D:4      | Reached XP level 6. HP: 46/56 MP: 5/5
  2286 | D:4      | Reached *** piety under Trog
  2342 | D:4      | Found a staircase to the Ecumenical Temple.
  2342 | D:4      | Noticed Grinder
  2352 | D:4      | Killed Grinder
  2352 | D:4      | Reached skill level 5 in Armour
  2352 | D:4      | Reached skill level 5 in Dodging
  2352 | D:4      | Reached XP level 7. HP: 60/62 MP: 6/6
  2353 | D:4      | Reached skill level 6 in Polearms
  2720 | D:4      | Noticed Pikel
  2720 | D:4      | Noticed Natasha
  2737 | D:4      | Killed Natasha
  2744 | D:4      | Killed Pikel
  2744 | D:4      | Reached XP level 8. HP: 71/71 MP: 7/7
  2933 | D:5      | Entered Level 5 of the Dungeon
  2937 | D:5      | Reached skill level 7 in Polearms
  3056 | D:5      | Found a snail-covered altar of Cheibriados.
  3059 | D:5      | Found a glowing silver altar of Zin.
  3198 | D:5      | Found a shattered altar of Ashenzari.
  3893 | D:6      | Reached XP level 9. HP: 81/81 MP: 8/8
  4208 | D:7      | Reached skill level 8 in Polearms
  4222 | D:7      | Reached **** piety under Trog
  4228 | D:7      | Noticed NekoKawashu's ghost (novice MiFi)
  4246 | D:7      | Killed NekoKawashu's ghost
  4808 | D:8      | Reached skill level 9 in Polearms
  4924 | D:8      | Found a bloodstained altar of Trog.
  4928 | D:8      | Found a stormy altar of Qazlal.
  5095 | D:8      | Reached skill level 1 in Bows
  5421 | D:8      | Reached XP level 10. HP: 91/91 MP: 9/9
  5664 | D:9      | Found a staircase to the Lair.
  5804 | D:9      | Reached ***** piety under Trog
  5875 | D:9      | Reached skill level 10 in Polearms
  6229 | D:9      | Found a staircase to the Orcish Mines.
  6724 | D:10     | Entered Level 10 of the Dungeon
  6821 | D:10     | Noticed a hill giant
  6829 | D:10     | Killed a hill giant
  6829 | D:10     | Reached skill level 5 in Bows
  6964 | D:10     | Reached skill level 11 in Polearms
  7016 | D:10     | Reached XP level 11. HP: 97/99 MP: 10/10
  7021 | D:10     | Reached skill level 10 in Fighting
  7026 | D:10     | Received a gift from Trog
  7212 | D:10     | Noticed an oklob plant
  7213 | D:10     | Found a shattered altar of Ashenzari.
  7227 | D:10     | Killed an oklob plant
  7549 | D:10     | Reached skill level 10 in Armour
  7603 | Lair:1   | Entered Level 1 of the Lair of Beasts
  7927 | Lair:1   | Noticed Fannar
  7938 | Lair:1   | Killed Fannar
  8046 | Lair:1   | Noticed a six-headed hydra
  8055 | Lair:1   | Killed a nine-headed hydra
  8189 | Lair:1   | Reached skill level 12 in Polearms
  8738 | Lair:2   | Found a labyrinth entrance.
  8756 | Lab      | Entered a labyrinth
  9432 | Lab      | Noticed a minotaur
  9446 | Lab      | Killed a minotaur
  9457 | Lab      | Got an encrusted scale mail
  9488 | Lair:2   | Reached skill level 10 in Dodging
  9596 | Lair:2   | Identified the +4 scale mail of the Elephant {+Blink} (You found it in a labyrinth)
  9643 | Lair:2   | Identified 2 scrolls of acquirement
  9746 | Lair:2   | Reached XP level 12. HP: 110/110 MP: 11/11
  9974 | Lair:2   | Got an ichor-stained ring mail
  9985 | Lair:2   | Identified the cursed +1 ring mail of Supple Strength {Dex+3} (You found it on level 2 of the Lair of Beasts)
 10022 | Lair:2   | Received a gift from Trog
 10889 | Lair:3   | Noticed Nergalle
 10897 | Lair:3   | Killed Nergalle
 10897 | Lair:3   | Reached skill level 13 in Polearms
 11359 | Lair:3   | Received a gift from Trog
 11752 | Lair:4   | Received a gift from Trog
 11890 | Lair:4   | Found a staircase to the Snake Pit.
 12023 | Lair:4   | Received a gift from Trog
 12296 | Lair:4   | Noticed Urug
 12306 | Lair:4   | Reached XP level 13. HP: 118/118 MP: 12/12
 12312 | Lair:4   | Killed Urug
 12470 | Lair:4   | Reached skill level 10 in Bows
 12816 | Lair:5   | Reached ****** piety under Trog
 12865 | Lair:5   | Reached skill level 14 in Polearms
 13076 | Lair:5   | Received a gift from Trog
 13396 | Lair:5   | Noticed Maud
 13409 | Lair:5   | Killed Maud
 13528 | Lair:5   | Noticed PeterLawrence's ghost (journeyman MiFi)
 13545 | Lair:5   | Killed PeterLawrence's ghost
 14249 | Lair:6   | Found a staircase to the Swamp.
 14793 | Lair:7   | Found an iron altar of Okawaru.
 14969 | Lair:7   | Received a gift from Trog
 15077 | Lair:7   | Reached skill level 15 in Polearms
 15203 | Lair:7   | Received a gift from Trog
 15529 | Lair:7   | Gained mutation: Your movements are slightly less encumbered by armour (ER -2). [potion of beneficial mutation]
 15631 | Lair:7   | Found a runed door.
 15632 | Lair:7   | Found a viscous altar of Jiyva.
 15632 | Lair:7   | Found a staircase to the Slime Pits.
 15750 | Lair:7   | Reached XP level 14. HP: 125/127 MP: 13/13
 16044 | Lair:8   | Entered Level 8 of the Lair of Beasts
 16645 | Lair:8   | Noticed Kirke
 16764 | Lair:8   | Killed Kirke
 17190 | Lair:8   | Received a gift from Trog
 17913 | Orc:1    | Entered Level 1 of the Orcish Mines
 17916 | Orc:1    | Reached skill level 16 in Polearms
 18375 | Orc:1    | Received a gift from Trog
 18480 | Orc:1    | Received a gift from Trog
 18549 | Orc:1    | Found Guppoy's Food Boutique.
 18819 | Orc:2    | Entered Level 2 of the Orcish Mines
 18819 | Orc:2    | Noticed Snorg
 18836 | Orc:1    | Killed Snorg
 19044 | Orc:2    | Noticed an orc warlord
 19226 | Orc:2    | Found Tiocwimi's Book Emporium.
 19664 | Orc:2    | Killed an orc warlord
 19784 | Orc:2    | Found Ramuzat's Antique Armour Boutique.
 19830 | Orc:2    | Bought a pair of twisted gloves for 332 gold pieces
 19830 | Orc:2    | Bought a runed scale mail for 140 gold pieces
 19920 | Orc:2    | Found Kaop's General Store.
 20013 | Orc:2    | Received a gift from Trog
 20019 | Orc:2    | Reached skill level 17 in Polearms
 20028 | Orc:2    | Found a roughly hewn altar of Beogh.
 20172 | Orc:2    | Found a staircase to the Elven Halls.
 20281 | Orc:2    | Found Xauf's Antique Weapon Shoppe.
 20538 | Orc:2    | Received a gift from Trog
 20886 | D:10     | Reached XP level 15. HP: 136/136 MP: 14/14
 21044 | D:11     | Found a frozen archway.
 21054 | IceCv    | Entered an ice cave
 21193 | IceCv    | Identified the cursed -5 pair of gloves "Quit" {Regen+} (You bought it in a shop on level 2 of the Orcish Mines)
 21242 | D:11     | You fall through a shaft for 2 floors!
 21340 | D:11     | Found Ulyudu's Elemental Accessories.
 22211 | D:12     | Noticed Psyche
 22216 | D:12     | Killed Psyche
 22629 | D:12     | Got a scorched hat
 22640 | D:12     | Identified the +1 hat of the Quahog {Regen+ MP+9} (You acquired it on level 12 of the Dungeon)
 22686 | D:12     | Reached skill level 18 in Polearms
 23045 | D:11     | Received a gift from Trog
 23104 | D:12     | Got a slimy silver amulet
 23350 | D:13     | Found a burning altar of Makhleb.
 23449 | D:13     | Identified the amulet of Vymunib {rN+ Regen+} (You found it on level 12 of the Dungeon)
 24123 | D:14     | Found a gate to the Vaults.
 24339 | D:14     | Received a gift from Trog
 24903 | D:15     | Entered Level 15 of the Dungeon
 25270 | D:15     | Found a staircase to the Depths.
 25296 | D:15     | Reached skill level 19 in Polearms
 25356 | D:15     | Received a gift from Trog
 25388 | D:15     | Reached XP level 16. HP: 147/147 MP: 15/15
 26086 | D:15     | Noticed Azrael
 26096 | D:15     | Killed Azrael
 26542 | Swamp:1  | Entered Level 1 of the Swamp
 26542 | Swamp:1  | Noticed a thorn hunter
 26560 | Swamp:1  | Killed a thorn hunter
 26921 | Swamp:1  | Reached skill level 20 in Polearms
 27057 | Swamp:1  | Received a gift from Trog
 27106 | Swamp:1  | Noticed a thorn hunter
 27116 | Swamp:1  | Killed a thorn hunter
 27315 | Swamp:1  | Noticed TuxedoFelix's ghost (journeyman MiBe)
 27328 | Swamp:1  | Killed TuxedoFelix's ghost
 27328 | Swamp:1  | Reached skill level 15 in Bows
 28688 | Swamp:3  | Noticed a thorn hunter
 28694 | Swamp:3  | Killed a thorn hunter
 28934 | Swamp:3  | Got a heavily runed turquoise ring
 29174 | Swamp:3  | Identified the ring of Jealousy {Ice +Inv MP+9 Str+5 Int-5} (You found it on level 3 of the Swamp)
 29220 | Swamp:3  | Reached skill level 21 in Polearms
 29746 | Swamp:4  | Entered Level 4 of the Swamp
 29756 | Swamp:4  | Reached skill level 15 in Fighting
 29764 | Swamp:4  | Noticed the 27-headed Lernaean hydra
 29847 | Swamp:4  | HP: 7/149 [the 27-headed Lernaean hydra (7)]
 29847 | Swamp:4  | Slain by the 27-headed Lernaean hydra

Skill      XL: |  1  2  3  4  5  6  7  8  9 10 11 12 13 14 15 16 |
---------------+-------------------------------------------------+-----
Armour         | 3 4 5 6 7 9 10 11 12 13 14 | 14.6
Fighting       | 4 5 6 7 9 11 12 13 14 15 | 15.0
Polearms       | 4 5 6 7 9 11 12 13 15 17 19 21 | 21.1
Dodging        | 3 4 5 6 8 9 10 11 12 13 14 | 14.0
Bows           | 1 5 7 9 11 13 14 15 | 15.5

Action                   |  1- 3 |  4- 6 |  7- 9 | 10-12 | 13-15 | 16-18 || total
-------------------------+-------+-------+-------+-------+-------+-------++-------
Melee: Spear             |    91 |    30 |       |       |       |       ||   121
       Headbutt          |    18 |    19 |    52 |    76 |   286 |    90 ||   541
       Halberd           |       |    61 |   169 |   525 |  1060 |   181 ||  1996
       Trident           |       |       |   149 |       |       |       ||   149
       Unarmed           |       |       |       |       |     2 |       ||     2
       Demon trident     |       |       |       |       |    13 |       ||    13
       Glaive            |       |       |       |       |       |   127 ||   127
 Fire: Shortbow          |       |       |    13 |   310 |       |       ||   323
       Longbow           |       |       |       |    29 |   635 |   230 ||   894
Invok: Berserk           |       |     1 |     4 |     3 |    10 |     1 ||    19
       Burn Spellbooks   |       |       |     1 |     4 |     6 |     1 ||    12
       Trog's Hand       |       |       |       |     1 |     2 |       ||     3
       Brothers in Arms  |       |       |       |     1 |     1 |     1 ||     3
 Abil: Evoke Flight      |       |       |       |       |       |     1 ||     1
Evoke: Wand              |       |       |       |       |     5 |       ||     5
       Deck              |       |       |       |       |       |     1 ||     1
  Use: Scroll            |       |       |       |    15 |    31 |     8 ||    54
       Potion            |       |       |       |       |     1 |     1 ||     2
  Eat: Chunk             |     1 |     5 |    14 |    22 |    45 |    15 ||   102
       Pizza             |       |       |       |     1 |     3 |       ||     4
       Beef jerky        |       |       |       |     1 |     1 |     2 ||     4
       Royal jelly       |       |       |       |     1 |       |       ||     1
Armor: Leather armour    |    14 |       |       |       |       |       ||    14
       Ring mail         |     5 |    20 |    88 |   168 |   182 |       ||   463
       Scale mail        |       |       |       |       |    86 |   180 ||   266
Dodge: Dodged            |    43 |    52 |   186 |   352 |   697 |   284 ||  1614
